 Dungeon Crawl Stone Soup version 0.28-a0-1624-g820543e53a (webtiles) character file.

Game seed: 16661996795676345765

122 Shayle the Skirmisher (level 4, -4/35 HPs)
             Began as a Demonspawn Warper on Jan 24, 2022.
             Slain by an iguana (10 damage)
             ... on level 5 of the Dungeon.
             The game lasted 00:04:55 (3012 turns).

Shayle the Skirmisher (Demonspawn Warper)           Turns: 3012, Time: 00:04:55

Health: -4/35      AC:  4    Str: 11    XL:     4   Next: 78%
Magic:  7/7        EV: 13    Int: 15    God:
Gold:   107        SH:  0    Dex: 14    Spells: 7/7 levels left

rFire   . . .      SeeInvis .     - Unarmed
rCold   . . .      Faith    .   (no shield)
rNeg    . . .      Spirit   .   a - +0 leather armour
rPois   .          Reflect  .   f - +0 helmet
rElec   .          Harm     .   (no cloak)
rCorr   .          Rampage  .   (no gloves)
Will    .....                   (no boots)
Stlth   ++........              (no amulet)
HPRegen 0.11/turn               (no ring)
MPRegen 0.10/turn               (no ring)

@: no status effects
A: repulsion field 1, demonic guardian 1, weakness stinger 1
a: no special abilities


You were on level 5 of the Dungeon.
You visited 1 branch of the dungeon, and saw 4 of its levels.

You collected 107 gold pieces.

Inventory:

Armour
 a - a +0 leather armour (worn)
 f - a +0 helmet (worn)
Jewellery
 i - a +6 ring of dexterity
Scrolls
 b - 2 scrolls of blinking
 e - a scroll of teleportation {unknown}
 g - a scroll of noise {unknown}
Potions
 c - a potion of haste {unknown}


   Skills:
 + Level 3.2 Fighting
 - Level 0.8 Throwing
 - Level 0.8 Armour
 - Level 1.7 Dodging
 + Level 2.4 Stealth
 + Level 3.0 Unarmed Combat
 - Level 2.0 Spellcasting
 - Level 2.6 Translocations


You had 7 spell levels left.
You didn't know any spells.
Your spell library contained the following spells:

 Spells                   Type           Power      Damage    Failure   Level
 Blink                    Tloc           18%        N/A       14%         2
 Gell's Gravitas          Tloc           9%         N/A       28%         3
 Lesser Beckoning         Tloc           9%         N/A       28%         3
 Teleport Other           Tloc           9%         N/A       28%         3
 Manifold Assault         Tloc           9%         N/A       95%         5


Dungeon Overview and Level Annotations

Branches:
Dungeon (3/15)

Altars:


Innate Abilities, Weirdness & Mutations

You are surrounded by a mild repulsion field. (EV +2)
A weak demonic guardian rushes to your aid.
You have a small tail.


Message History

The iguana bites the bush but does no damage.
You hit the iguana.
The iguana is moderately wounded.
The iguana closely misses you.
The iguana bites the bush.
You hit the iguana but do no damage.
The iguana is moderately wounded.
The iguana misses you.
The iguana bites the bush!
You barely miss the iguana. You tail-slap the iguana.
The iguana is heavily wounded.
The iguana misses you.
The iguana bites the bush!
You barely miss the iguana.
The iguana is heavily wounded.
The iguana closely misses you.
The iguana bites the bush but does no damage.
You hit the iguana.
The iguana is severely wounded.
The iguana bites you!
The iguana bites the bush.
You hit the iguana.
You kill the iguana!
Your Unarmed Combat skill increases to level 3!
You hit the iguana but do no damage. You tail-slap the iguana.
The iguana is moderately wounded.
You hit the iguana but do no damage.
Your tail-slap misses the iguana.
The iguana is moderately wounded.
The iguana bites you.
You closely miss the iguana.
The iguana is moderately wounded.
The iguana bites you.
A demonic guardian appears!
You completely miss the iguana.
The iguana is moderately wounded.
The iguana bites you!
* * * LOW HITPOINT WARNING * * *
You hit the iguana.
The iguana is moderately wounded.
The iguana closely misses you.
Your white imp hits the bush but does no damage.
You hit the iguana.
The iguana is heavily wounded.
The iguana bites you!
You die...

........#P.PPP.P.P.P ...#
........#P...P.P.P.P#...#
#######..PPP.PPP.PPP#...###
#..P.........P......#
#..P.PPP.P.PPP......+
#..P.P.P.P..........#
#..P.P.P.P.P.P......#
#......P.PlP.P......#
......#PPPPPPP@PPP.......
......#.......5..#.......
.......#..........#.......
.......+..........#......#
.......##..########......#
####### #..# ....


You could see an iguana (ally target) and a friendly white imp (summoned).

Vanquished Creatures
  An iguana (D:5)
  Ijyb (D:3)
  A dart slug (D:2)
  5 ball pythons
  A bat (D:2)
  6 endoplasms
  2 giant cockroaches (D:1)
  6 goblins
  7 hobgoblins
  2 frilled lizards (D:1)
  2 kobolds
  5 rats
39 creatures vanquished.

Vanquished Creatures (collateral kills)
  2 adders (D:2)
  2 worms (D:2)
4 creatures vanquished.

Grand Total: 43 creatures vanquished

Notes
Turn   | Place    | Note
-------+----------+-------------------------------------------
     0 | D:1      | Shayle the Demonspawn Warper began the quest for the Orb.
     0 | D:1      | Reached XP level 1. HP: 16/16 MP: 3/3
   561 | D:1      | Gained mutation: A weak demonic guardian rushes to your
                  | aid. [demonic ancestry]
   561 | D:1      | Reached XP level 2. HP: 22/22 MP: 5/5
   858 | D:1      | Reached skill level 1 in Stealth
  1456 | D:2      | Gained mutation: You are surrounded by a mild repulsion
                  | field. (EV +2) [demonic ancestry]
  1456 | D:2      | Reached XP level 3. HP: 7/28 MP: 6/6
  2594 | D:3      | Gained mutation: You have a small tail. [demonic ancestry]
  2594 | D:3      | Reached XP level 4. HP: 34/34 MP: 7/7
  2666 | D:3      | Noticed Ijyb
  2669 | D:3      | Paralysed by Ijyb for 2 turns
  2676 | D:3      | Paralysed by Ijyb for 7 turns
  2689 | D:3      | Paralysed by Ijyb for 3 turns
  2697 | D:3      | Paralysed by Ijyb for 3 turns
  2705 | D:3      | Paralysed by Ijyb for 7 turns
  2729 | D:3      | Killed Ijyb
  2966 | D:3      | You fall into a shaft and drop 2 floors!
  2966 | D:5      | Entered Level 5 of the Dungeon
  3012 | D:5      | Slain by an iguana

Illustrated notes

Levels and vault maps discovered:
D:1:      erik_arrival_orb_chamber, layout_basic, minmay_unequal
D:2:      layout_rooms, dk_noncrumbling_2, grunt_ministairs_13
D:3:      layout_rooms, serial_rivers, chequers_serial_rivers_micro_e,
          chequers_serial_rivers_small_b, chequers_serial_rivers_room_b,
          chequers_serial_rivers_micro_e, chequers_serial_rivers_micro_c,
          st_stairs_4, uniq_ijyb
D:5:      layout_gridville, minmay_hedge_maze

Skill      XL: |  1  2  3  4 |
---------------+-------------+-----
Unarmed Combat | 2 3 |  3.0
Stealth        | 1 2 |  2.4
Fighting       | 3 |  3.2
Throwing       | |  0.8
Armour         | |  0.8
Dodging        | |  1.7
Spellcasting   | |  2.0
Translocations | |  2.6

Action                   |  1- 3 |  4- 6 || total
-------------------------+-------+-------++-------
Melee: Unarmed           |   150 |    58 ||   208
       Punch             |     5 |       ||     5
       Tailslap          |       |    11 ||    11
Throw: Boomerang         |     5 |       ||     5
  Use: Potion            |       |     3 ||     3
 Stab: Sleeping          |     1 |       ||     1
Armor: Leather armour    |    23 |     5 ||    28
Dodge: Dodged            |    77 |    24 ||   101

Table legend: (Time is in decaauts)
 A = Elapsed time spent in this place.
 B = Non-inter-level travel time spent in this place.
 C = Inter-level travel time spent in this place.
 D = Time resting spent in this place.
 E = Time spent auto-exploring this place.
 F = Levels seen in this place.
 G = Mean time per level.
                   A        B        C        D        E       F      G
               +--------+--------+--------+--------+--------+-----+--------+
         Total |   3004 |   2993 |     11 |    856 |   1595 |   4 |  751.0 |
       Dungeon |   3004 |   2993 |     11 |    856 |   1595 |   4 |  751.0 |
               +--------+--------+--------+--------+--------+-----+--------+

Top non-repeatable levels by time:
     D:1: 1405 daAuts
     D:2: 1173 daAuts
     D:3: 380 daAuts
     D:5: 45 daAuts
